TOP OF THE 1ST |
---|
Penquannock Overrated Jeter batting - Pitching for Kingston Iguanas : RHP Brandon Malet | Pitching: RHP Brandon Malet | | Batting: RHB Gary Wyatt | 0-0: Ball 1-0: Foul Ball, location: 2F 1-1: Ball 2-1: Ball 3-1: Foul Ball, location: 2F 3-2: Ground out 5-3 (Groundball, 56S) | Batting: RHB Alberto Campos | 0-0: Foul Ball, location: 2F 0-1: Called Strike 0-2: Ball 1-2: Foul Ball, location: 2F 1-2: Foul Ball, location: 2F 1-2: Ball 2-2: Strikes out swinging | Batting: LHB Félix Costa | 0-0: Ball 1-0: Swinging Strike 1-1: Called Strike 1-2: Foul Ball, location: 2F 1-2: Fly out, F8 (Flyball, 89XD) | Top of the 1st over - 0 runs, 0 hits, 0 errors, 0 left on base; Penquannock 0 - Kingston 0 | BOTTOM OF THE 1ST |
---|
Kingston Iguanas batting - Pitching for Penquannock Overrated Jeter : LHP Héctor Díaz | Pitching: LHP Héctor Díaz | | Batting: LHB Marvin Nichols | 0-0: Ground out 5-3 (Groundball, 5L) | Batting: RHB Sergio Mata | 0-0: Ball 1-0: Swinging Strike 1-1: Fly out, F5 (Line Drive, 5) | Batting: RHB Bob Lee | 0-0: Called Strike 0-1: Fly out, F7 (Flyball, 7LM) | Bottom of the 1st over - 0 runs, 0 hits, 0 errors, 0 left on base; Penquannock 0 - Kingston 0 | TOP OF THE 2ND |
---|
Penquannock Overrated Jeter batting - Pitching for Kingston Iguanas : RHP Brandon Malet | Batting: SHB Tim Reid | 0-0: Ball 1-0: Called Strike 1-1: DOUBLE (Line Drive, 89XD) | Batting: SHB Cristián López | 0-0: Swinging Strike 0-1: SINGLE (Groundball, 4D) Tim Reid to third | Batting: LHB Eric Powell | 0-0: Called Strike 0-1: Fly out, F9 (Flyball, 9D) Runner from 3rd tags up, SCORES, no throw | Batting: SHB Francisco Ávila | 0-0: Swinging Strike 0-1: Ball 1-1: Ball 2-1: SINGLE (Groundball, 4MD) Cristián López to second | Batting: RHB Phil Wright | 0-0: Called Strike 0-1: SINGLE (Line Drive, 4D) Cristián López to third Francisco Ávila to second | Batting: LHB Roberto Trujillo | 0-0: Ball 1-0: Ball 2-0: Called Strike 2-1: Ball 3-1: Base on Balls Cristián López scores Francisco Ávila to third Phil Wright to second | Batting: RHB Gary Wyatt | 0-0: Called Strike 0-1: Ball 1-1: Foul Ball, location: 2F 1-2: Foul Ball, location: 2F 1-2: Strikes out looking | Batting: RHB Alberto Campos | 0-0: Foul Ball, location: 2F 0-1: Foul Ball, location: 2F 0-2: Ball 1-2: Ball 2-2: Foul Ball, location: 2F 2-2: Ball 3-2: Fly out, F4 (Line Drive, 4) | Top of the 2nd over - 2 runs, 4 hits, 0 errors, 3 left on base; Penquannock 2 - Kingston 0 | BOTTOM OF THE 2ND |
---|
Kingston Iguanas batting - Pitching for Penquannock Overrated Jeter : LHP Héctor Díaz | Batting: RHB Andrés Bustamante | 0-0: Swinging Strike 0-1: Ball 1-1: Foul Ball, location: 2F 1-2: Reached on error, E6 (Groundball, 6S) | Batting: RHB Bobby Armstrong | 0-0: Fielders Choice at 2nd, 3-6 (Groundball, 34) | Batting: SHB John Beach | 0-0: Called Strike 0-1: Foul Ball, location: 2F 0-2: Ball 1-2: Grounds into double play, 5-4-3 (Groundball, 56) | Bottom of the 2nd over - 0 runs, 0 hits, 1 error, 0 left on base; Penquannock 2 - Kingston 0 | TOP OF THE 3RD |
---|
Penquannock Overrated Jeter batting - Pitching for Kingston Iguanas : RHP Brandon Malet | Batting: LHB Félix Costa | 0-0: Ball 1-0: Foul Ball, location: 2F 1-1: Ball 2-1: Ground out U3 (Groundball, 3) | Batting: SHB Tim Reid | 0-0: Foul Ball, location: 2F 0-1: Fly out, F8 (Flyball, 8LM) | Batting: SHB Cristián López | 0-0: Called Strike 0-1: Fly out, F9 (Flyball, 9LS) | Top of the 3rd over - 0 runs, 0 hits, 0 errors, 0 left on base; Penquannock 2 - Kingston 0 | BOTTOM OF THE 3RD |
---|
Kingston Iguanas batting - Pitching for Penquannock Overrated Jeter : LHP Héctor Díaz | Batting: RHB Cristián López | 0-0: Ball 1-0: DOUBLE (Flyball, 7D) | Batting: LHB Jon Quinn | 0-0: Ball 1-0: Called Strike 1-1: DOUBLE (Line Drive, 8LD) Cristián López scores | Batting: LHB Mike Godfrey | 0-0: Ball 1-0: Called Strike 1-1: DOUBLE (Line Drive, 7LS) Jon Quinn scores | Batting: LHB Marvin Nichols | 0-0: Swinging Strike 0-1: Ball 1-1: Called Strike 1-2: Foul Ball, location: 2F 1-2: Foul Ball, location: 2F 1-2: Fly out, F8 (Flyball, 89XD) Runner from 2nd tags up, SAFE at 3rd, no throw | Batting: RHB Sergio Mata | 0-0: Foul Ball, location: 2F 0-1: Ground out 4-3 (Groundball, 4M) Mike Godfrey scores | Batting: RHB Bob Lee | 0-0: Ball 1-0: Fly out, F8 (Flyball, 8LD) | Bottom of the 3rd over - 3 runs, 3 hits, 0 errors, 0 left on base; Penquannock 2 - Kingston 3 | TOP OF THE 4TH |
---|
Penquannock Overrated Jeter batting - Pitching for Kingston Iguanas : RHP Brandon Malet | Batting: LHB Eric Powell | 0-0: Ball 1-0: Foul Ball, location: 2F 1-1: Foul Ball, location: 2F 1-2: Ball 2-2: Ball 3-2: SINGLE (Flyball, 89S) | Batting: SHB Francisco Ávila | 0-0: Called Strike 0-1: Ground out U3 (Groundball, 34S) Eric Powell to second | Batting: RHB Phil Wright | 0-0: Ball 1-0: Foul Ball, location: 2F 1-1: Swinging Strike 1-2: Strikes out swinging | Batting: LHB Roberto Trujillo | 0-0: Ball 1-0: Ball 2-0: Called Strike 2-1: Ball 3-1: Foul Ball, location: 2F 3-2: Base on Balls | Batting: RHB Gary Wyatt | 0-0: Foul Ball, location: 2F 0-1: Ball 1-1: 3-RUN HOME RUN (Flyball, 9LD), Distance : 341 ft | Batting: RHB Alberto Campos | 0-0: Ball 1-0: Foul Ball, location: 2F 1-1: Fly out, F9 (Flyball, 89D) | Top of the 4th over - 3 runs, 2 hits, 0 errors, 0 left on base; Penquannock 5 - Kingston 3 | BOTTOM OF THE 4TH |
---|
Kingston Iguanas batting - Pitching for Penquannock Overrated Jeter : LHP Héctor Díaz | Batting: RHB Andrés Bustamante | 0-0: Ball 1-0: Called Strike 1-1: Foul Ball, location: 2F 1-2: Ball 2-2: Ball 3-2: Foul Ball, location: 2F 3-2: Foul Ball, location: 2F 3-2: Foul Ball, location: 2F 3-2: Fly out, F8 (Line Drive, 78D) | Batting: RHB Bobby Armstrong | 0-0: Foul Ball, location: 2F 0-1: Ball 1-1: Fly out, F9 (Flyball, 9) | Batting: SHB John Beach | 0-0: Ball 1-0: Ball 2-0: Swinging Strike 2-1: Fly out, F7 (Flyball, 7D) | Bottom of the 4th over - 0 runs, 0 hits, 0 errors, 0 left on base; Penquannock 5 - Kingston 3 | TOP OF THE 5TH |
---|
Penquannock Overrated Jeter batting - Pitching for Kingston Iguanas : RHP Brandon Malet | Pitching: RHP Edwin Manning | | Batting: LHB Félix Costa | 0-0: Ball 1-0: Foul Ball, location: 2F 1-1: Foul Ball, location: 2F 1-2: Foul Ball, location: 2F 1-2: Fly out, F4 (Line Drive, 4MD) | Batting: SHB Tim Reid | 0-0: Foul Ball, location: 2F 0-1: Called Strike 0-2: Ball 1-2: Strikes out looking | Batting: SHB Cristián López | 0-0: Ball 1-0: Foul Ball, location: 2F 1-1: Called Strike 1-2: Foul Ball, location: 2F 1-2: Strikes out swinging | Top of the 5th over - 0 runs, 0 hits, 0 errors, 0 left on base; Penquannock 5 - Kingston 3 | BOTTOM OF THE 5TH |
---|
Kingston Iguanas batting - Pitching for Penquannock Overrated Jeter : LHP Héctor Díaz | Batting: RHB Cristián López | 0-0: Called Strike 0-1: Called Strike 0-2: DOUBLE (Line Drive, 7LS) | Batting: LHB Jon Quinn | 0-0: Ball 1-0: Swinging Strike 1-1: Swinging Strike 1-2: Strikes out looking | Batting: LHB Mike Godfrey | 0-0: Ball 1-0: Foul Ball, location: 2F 1-1: Called Strike 1-2: Ball 2-2: Ball 3-2: Base on Balls | Batting: LHB Marvin Nichols | 0-0: Called Strike 0-1: Ball 1-1: Swinging Strike 1-2: Ball 2-2: Ball 3-2: SINGLE (Groundball, 3S) (infield hit) Cristián López to third Mike Godfrey to second | Batting: RHB Sergio Mata | 0-0: Ball 1-0: Fly out, F8 (Line Drive, 8RS) Runner from 3rd tags up, SCORES, no throw | Batting: RHB Bob Lee | 0-0: Foul Ball, location: 2F 0-1: Swinging Strike 0-2: SINGLE (Groundball, 34D) Mike Godfrey to third Marvin Nichols to second Runner from 3rd tries for Home, SAFE, no throw | Batting: RHB Andrés Bustamante | 0-0: Ball 1-0: Ball 2-0: Called Strike 2-1: Foul Ball, location: 2F 2-2: Strikes out looking | Bottom of the 5th over - 2 runs, 3 hits, 0 errors, 2 left on base; Penquannock 5 - Kingston 5 | TOP OF THE 6TH |
---|
Penquannock Overrated Jeter batting - Pitching for Kingston Iguanas : RHP Edwin Manning | Batting: LHB Eric Powell | 0-0: Called Strike 0-1: Ball 1-1: Foul Ball, location: 2F 1-2: Ball 2-2: Strikes out looking | Batting: SHB Francisco Ávila | 0-0: Ball 1-0: Called Strike 1-1: Swinging Strike 1-2: Ball 2-2: Strikes out looking and he ARGUES THE CALL AND IS TOSSED! | Batting: RHB Phil Wright | 0-0: Called Strike 0-1: Ball 1-1: Foul Ball, location: 2F 1-2: SINGLE (Line Drive, 6MD) | Batting: LHB Roberto Trujillo | 0-0: Called Strike 0-1: Ball 1-1: Fly out, F8 (Flyball, 89M) | Top of the 6th over - 0 runs, 1 hit, 0 errors, 1 left on base; Penquannock 5 - Kingston 5 | BOTTOM OF THE 6TH |
---|
Kingston Iguanas batting - Pitching for Penquannock Overrated Jeter : LHP Héctor Díaz | Now in LF: Matt Reese | | Batting: RHB Bobby Armstrong | 0-0: Called Strike 0-1: Ball 1-1: Called Strike 1-2: Fly out, F8 (Flyball, 8LXD) | Batting: SHB John Beach | 0-0: Fly out, F8 (Flyball, 8RD) | Batting: RHB Cristián López | 0-0: Ball 1-0: Ball 2-0: Called Strike 2-1: Swinging Strike 2-2: Foul Ball, location: 2F 2-2: Foul Ball, location: 2F 2-2: Ball 3-2: Fly out, F8 (Flyball, 89S) | Bottom of the 6th over - 0 runs, 0 hits, 0 errors, 0 left on base; Penquannock 5 - Kingston 5 | TOP OF THE 7TH |
---|
Penquannock Overrated Jeter batting - Pitching for Kingston Iguanas : RHP Edwin Manning | Batting: RHB Gary Wyatt | 0-0: Ball 1-0: Ball 2-0: Called Strike 2-1: Called Strike 2-2: Ball 3-2: Strikes out swinging | Batting: RHB Alberto Campos | 0-0: Ball 1-0: Ball 2-0: Called Strike 2-1: DOUBLE (Groundball, 5L) | Pitching: LHP Jeff Minnich | | Batting: LHB Félix Costa | 0-0: Ball 1-0: Foul Ball, location: 2F 1-1: Ball 2-1: SINGLE (Flyball, 6MD) Alberto Campos to third | Pitching: RHP Ron Jenkins | | Batting: SHB Tim Reid | 0-0: Ball 1-0: Swinging Strike 1-1: Ball 2-1: Foul Ball, location: 2F 2-2: Ball 3-2: Foul Ball, location: 2F 3-2: Fly out, F7 (Flyball, 7) Runner from 3rd tags up, OUT at HOME | Top of the 7th over - 0 runs, 2 hits, 0 errors, 1 left on base; Penquannock 5 - Kingston 5 | BOTTOM OF THE 7TH |
---|
Kingston Iguanas batting - Pitching for Penquannock Overrated Jeter : LHP Héctor Díaz | Pitching: RHP Leonard Christensen | | Batting: LHB Jon Quinn | 0-0: Foul Ball, location: 2F 0-1: Called Strike 0-2: Fly out, F8 (Flyball, 8LXD) | Batting: LHB Mike Godfrey | 0-0: SINGLE (Groundball, 34) (infield hit) | Batting: LHB Marvin Nichols | 0-0: Called Strike 0-1: Ball 1-1: Ball 2-1: Fielders Choice at 2nd, 6-4 (Groundball, 6) | Pinch Hitting: LHB Gustavo Gómez | 0-0: Called Strike 0-1: Ball 1-1: Ball 2-1: Fly out, F6 (Flyball, 6MD) | Bottom of the 7th over - 0 runs, 1 hit, 0 errors, 1 left on base; Penquannock 5 - Kingston 5 | TOP OF THE 8TH |
---|
Penquannock Overrated Jeter batting - Pitching for Kingston Iguanas : RHP Ron Jenkins | Now at SS: Júlio Valentín | | Batting: SHB Cristián López | 0-0: Ball 1-0: Swinging Strike 1-1: Called Strike 1-2: Foul Ball, location: 2F 1-2: Strikes out swinging | Batting: LHB Eric Powell | 0-0: Ball 1-0: Called Strike 1-1: Ball 2-1: Ball 3-1: SOLO HOME RUN (Flyball, 9LD), Distance : 349 ft | Batting: LHB Matt Reese | 0-0: Called Strike 0-1: Swinging Strike 0-2: Strikes out swinging | Batting: RHB Phil Wright | 0-0: Ball 1-0: Foul Ball, location: 2F 1-1: Swinging Strike 1-2: Ball 2-2: Fly out, F8 (Flyball, 8LXD) | Top of the 8th over - 1 run, 1 hit, 0 errors, 0 left on base; Penquannock 6 - Kingston 5 | BOTTOM OF THE 8TH |
---|
Kingston Iguanas batting - Pitching for Penquannock Overrated Jeter : RHP Leonard Christensen | Batting: RHB Bob Lee | 0-0: Ball 1-0: Ball 2-0: Foul Ball, location: 2F 2-1: SINGLE (Groundball, 34) (infield hit) | Batting: RHB Andrés Bustamante | 0-0: Ball 1-0: Foul Ball, location: 2F 1-1: Foul Ball, location: 2F 1-2: Foul Ball, location: 2F 1-2: SINGLE (Line Drive, 5D) Bob Lee to second | Batting: RHB Bobby Armstrong | 0-0: Foul Ball, location: 2F 0-1: Ball 1-1: Foul Ball, location: 2F 1-2: Ball 2-2: Ball 3-2: Fly out, F8 (Flyball, 8LD) | Batting: SHB John Beach | 0-0: Ball 1-0: Ball 2-0: Swinging Strike 2-1: Ball 3-1: Base on Balls Bob Lee to third Andrés Bustamante to second | Pinch Hitting: LHB Henry Durham | 0-0: SINGLE (Groundball, 56) Bob Lee scores Andrés Bustamante to third John Beach to second | Batting: LHB Jon Quinn | 0-0: Ball 1-0: Ball 2-0: Ball 3-0: Base on Balls Andrés Bustamante scores John Beach to third Henry Durham to second | Batting: LHB Mike Godfrey | 0-0: Ball 1-0: Ball 2-0: Called Strike 2-1: Ball Wild Pitch! John Beach scores Henry Durham to third Jon Quinn to second 3-1: Swinging Strike 3-2: Base on Balls | Batting: LHB Marvin Nichols | 0-0: Ball 1-0: Called Strike 1-1: Foul Ball, location: 2F 1-2: Strikes out looking | Batting: SHB Júlio Valentín | 0-0: Ball 1-0: Ball 2-0: Ball 3-0: Base on Balls Henry Durham scores Jon Quinn to third Mike Godfrey to second | Batting: RHB Bob Lee | 0-0: Ground out 1-3 (Groundball, 13S) | Bottom of the 8th over - 4 runs, 3 hits, 0 errors, 3 left on base; Penquannock 6 - Kingston 9 | TOP OF THE 9TH |
---|
Penquannock Overrated Jeter batting - Pitching for Kingston Iguanas : RHP Ron Jenkins | Now at 1B: Fred McPhun | | Batting: LHB Roberto Trujillo | 0-0: Ball 1-0: Ball 2-0: Swinging Strike 2-1: Called Strike 2-2: Strikes out swinging | Batting: RHB Gary Wyatt | 0-0: Called Strike 0-1: Swinging Strike 0-2: Strikes out swinging | Batting: RHB Alberto Campos | 0-0: Foul Ball, location: 2F 0-1: Ball 1-1: Swinging Strike 1-2: Strikes out swinging | Top of the 9th over - 0 runs, 0 hits, 0 errors, 0 left on base; Penquannock 6 - Kingston 9 | |